 Dungeon Crawl Stone Soup version 0.19.5 (webtiles) character file.

307 JeffiDaFish the Cudgeler (level 6, -12/34 HPs)
             Began as a Gargoyle Fighter on Oct 23, 2017.
             Mangled by an ogre
             ... wielding a +0 giant spiked club
              (20 damage)
             ... on level 3 of the Dungeon.
             The game lasted 00:04:58 (1961 turns).

JeffiDaFish the Cudgeler (Gargoyle Fighter)         Turns: 1961, Time: 00:04:59

Health: -12/34     AC:  9    Str: 21    XL:     6   Next: 40%
Magic:  6/6        EV:  6    Int:  9    God:
Gold:   53         SH:  9    Dex: 11    Spells: 0 memorised, 5 levels left

rFire  . . .     SeeInvis .     a - +0 flail
rCold  . . .     Gourm    .     l - +0 chain mail
rNeg   + . .     Faith    .     c - +0 shield
rPois  ∞         Spirit   .     (no helmet)
rElec  +         Reflect  .     (no cloak)
rCorr  .         Harm     .     (no gloves)
MR     .....                    (no boots)
Stlth  ..........               (no amulet)
                                (no ring)
                                (no ring)

@: no status effects
A: deformed body, frail 1, negative energy resistance 1, electricity resistance,
strong 1, unbreathing, petrification resistance, rot immunity, AC +4
a: no special abilities


You were on level 3 of the Dungeon.
You were not hungry.

You visited 1 branch of the dungeon, and saw 3 of its levels.

You collected 53 gold pieces.

Inventory:

Hand Weapons
 a - a +0 flail (weapon)
Armour
 c - a +0 shield (worn)
 l - a +0 chain mail (worn)
Wands
 d - a wand of lightning (2/15)
Scrolls
 e - 2 scrolls of remove curse
 g - 2 scrolls of identify
Potions
 b - a potion of curing
 m - a potion of agility
Comestibles
 f - a bread ration
 h - 4 fruits
 i - a beef jerky
 j - 5 chunks of flesh
 k - a slice of pizza


   Skills:
 + Level 4.0 Fighting
 + Level 4.4 Maces & Flails
 + Level 4.2 Armour
 + Level 1.3 Dodging
 + Level 0.5 Stealth
 + Level 4.4 Shields


You had 5 spell levels left.
You didn't know any spells.

Dungeon Overview and Level Annotations

Branches:
Dungeon (3/15)

Altars:
Nemelex Xobeh


Innate Abilities, Weirdness & Mutations

You are resistant to torment.
Your stone body is resilient. (AC +4)
You are immune to poison.
You resist negative energy. (rN+)
You are resistant to electric shocks. (rElec)
You can survive without breathing.
You are immune to petrification.
You are immune to rotting.
Armour fits poorly on your strangely shaped body.
You are frail. (-10% HP)
Your muscles are strong. (Str +2)


Message History

An ogre comes into view. It is wielding a giant spiked club.
The ogre shouts!
No target in view!
No target in view!
A kobold comes into view.
The kobold shouts!
The ogre barely misses you.
You sock the ogre!
The ogre is moderately wounded.
The ogre hits you with a giant spiked club!!
Ouch! That really hurt!
* * * LOW HITPOINT WARNING * * *
You are too injured to fight recklessly!
You are too injured to fight recklessly!
You are too injured to fight recklessly!
You sock the ogre!
The ogre is severely wounded.
The ogre hits you with a giant spiked club!!
Ouch! That really hurt!
You die...

#. ....#
#. ....#
#. ....##8
#. .......
#. .....
######.
...
......O#K#
#@.# #.##
###.# ###
#...# ..
##.### #.#
#..#
#..###.##
#..##.#
#.##.#


You could see an ogre and a kobold.

Vanquished Creatures
  Sigmund (D:2)
  An orc priest (D:3)
  3 gnolls (D:2)
  An adder (D:2)
  2 oozes
  A worm (D:2)
  4 dart slugs
  A leopard gecko (D:1)
  3 orcs (D:3)
  2 giant cockroaches
  6 hobgoblins
  A jackal (D:3)
  4 kobolds
  A quokka (D:2)
  A ball python (D:1)
  11 bats
  4 frilled lizards
  6 goblins
  3 rats
56 creatures vanquished.

Notes
Turn   | Place    | Note
-------+----------+-------------------------------------------
     0 | D:1      | JeffiDaFish the Gargoyle Fighter began the quest for the Orb.
     0 | D:1      | Reached XP level 1. HP: 14/14 MP: 1/1
    99 | D:1      | Found a sparkling altar of Nemelex Xobeh.
   119 | D:1      | Reached XP level 2. HP: 12/19 MP: 2/2
   439 | D:1      | Reached XP level 3. HP: 23/23 MP: 3/3
   675 | D:2      | Noticed Sigmund
   695 | D:2      | Killed Sigmund
   695 | D:2      | Reached skill level 1 in Dodging
   695 | D:2      | Reached XP level 4. HP: 4/29 MP: 4/4
   695 | D:2      | Reached XP level 5. HP: 5/33 MP: 5/5
  1447 | D:2      | Reached XP level 6. HP: 38/38 MP: 6/6
  1872 | D:3      | Gained mutation: You are frail. (-10% HP) [potion of mutation]
  1872 | D:3      | Gained mutation: Your muscles are strong. (Str +2) [potion of mutation]
  1872 | D:3      | Gained mutation: Armour fits poorly on your strangely shaped body. [potion of mutation]
  1961 | D:3      | Mangled by an ogre

Skill      XL: |  1  2  3  4  5 |
---------------+----------------+-----
Maces & Flails | 3 4 |  4.4
Armour         | 4 |  4.2
Dodging        | 1 |  1.3
Shields        | 4 |  4.4
Fighting       | 4 |  4.0
Stealth        | |  0.5

Action                   |  1- 3 |  4- 6 || total
-------------------------+-------+-------++-------
Melee: Flail             |    91 |   156 ||   247
  Use: Scroll            |     4 |     1 ||     5
       Potion            |     5 |     1 ||     6
  Eat: Chunk             |       |     4 ||     4
Armor: Scale mail        |    49 |    22 ||    71
       Chain mail        |       |    95 ||    95
Dodge: Dodged            |    27 |    50 ||    77
Block: Shield            |    36 |    95 ||   131
